 Dungeon Crawl Stone Soup version 0.18.1-48-g4cf74bf (webtiles) character file.

133 vishdafish the Ducker (level 4, -9/45 HPs)
             Began as a Troll Berserker on July 28, 2016.
             Was a Believer of Trog.
             Mangled by vishdafish's ghost (16 damage)
             ... on level 4 of the Dungeon.
             The game lasted 00:07:19 (1093 turns).

vishdafish the Ducker (Troll Berserker)             Turns: 1093, Time: 00:07:19

Health: -9/45      AC: 10    Str: 26    XL:     4   Next: 93%
Magic:  3/3        EV: 10    Int:  3    God:    Trog [**....]
Gold:   85         SH:  0    Dex:  9    Spells: 0 memorised, 3 levels left

rFire  + . .     SeeInvis .     m - +1 mace (protect)
rCold  x . .     Gourm    +     b - +0 animal skin
rNeg   . . .     Faith    .     (no shield)
rPois  +         Spirit   .     (helmet restricted)
rElec  .         Dismiss  .     (no cloak)
rCorr  .         Reflect  .     (gloves unavailable)
SustAt .         Harm     .     (boots unavailable)
MR     ++...                    (no amulet)
Stlth  +.........               p - ring of poison resistance
                                k - ring of fire

@: regenerating, very resistant to hostile enchantments, very unstealthy
A: unfitting armour, claws 3, fast metabolism 3, gourmand, regeneration 2,
shaggy fur 1, tough skin 2
a: Berserk, Trog's Hand, Burn Spellbooks, Renounce Religion


You were on level 4 of the Dungeon.
You worshipped Trog.
Trog was pleased with you.
You were not hungry.

You visited 1 branch of the dungeon, and saw 4 of its levels.

You collected 85 gold pieces.

Inventory:

Hand Weapons
 a - a +0 mace
 m - a +1 mace of protection (weapon)
 n - a +2 whip of pain
Missiles
 i - 7 poisoned needles
Armour
 b - a +0 animal skin (worn)
 l - a cursed +0 leather armour
Jewellery
 k - a ring of fire (left claw)
 p - a ring of poison resistance (right claw)
Wands
 o - a wand of iceblast (8/15)
Scrolls
 f - a scroll of teleportation {unknown}
 h - 4 scrolls of amnesia
 j - a scroll of magic mapping {unknown}
 q - a scroll of fog {unknown}
Potions
 g - 2 potions of curing
 s - a potion of resistance {unknown}
 t - a potion of cure mutation {unknown}
 u - a potion of degeneration {unknown}
 v - a potion of heal wounds {unknown}
Comestibles
 c - 2 bread rations
 d - 4 fruits
 r - a meat ration


   Skills:
 + Level 3.2 Fighting
 + Level 3.1 Maces & Flails
 + Level 3.9 Dodging


You had 3 spell levels left.
You didn't know any spells.

Dungeon Overview and Level Annotations

Branches:
Dungeon (4/15)
 Temple: D:4-7

Altars:
Makhleb

Annotations:
D:4 vishdafish's ghost, amateur TrBe


Innate Abilities, Weirdness & Mutations

You are too large for most types of armour.
You have claws for hands.
Your metabolism is lightning-fast.
You like to eat raw meat.
You heal very quickly.
You are covered in fur (AC +1).
You have very tough skin (AC +2).


Message History

Vishdafish's ghost is moderately damaged.
Vishdafish's ghost hits you! The worm bites you.
You closely miss vishdafish's ghost.
Vishdafish's ghost is moderately damaged.
Vishdafish's ghost closely misses you. The worm bites you but does no damage.
You hit vishdafish's ghost but do no damage.
Vishdafish's ghost is moderately damaged.
Vishdafish's ghost hits you.
* * * LOW HITPOINT WARNING * * *
Vishdafish's ghost hits you!
* * * LOW HITPOINT WARNING * * *
You hit vishdafish's ghost.
Vishdafish's ghost is moderately damaged.
The worm completely misses you.
Vishdafish's ghost hits you but does no damage.
Unknown command.
Your skin crawls.
You feel resistant to hostile enchantments.
You feel slightly more hungry. Vishdafish's ghost hits you!
You die...

#. #.. # #..#.+ #.
#..#..## #
#..#.#....## .#
#.?#....... ..#
#.#...##..## ....
..#.....###..###.####
#.?.[W@w.......(....
.....<........##..###
...#..#####.#.##..# .
##. ...#..#..# #
.w#####'#..#### #.
#........(.#
#.#####..........#
#................#
#########.........#


You could see a worm and vishdafish's ghost.

Vanquished Creatures
  Ijyb (D:3)
  An iguana (D:4)
  Terence (D:3)
  3 adders (D:3)
  An ooze (D:4)
  A dart slug (D:3)
  3 bats
  A giant cockroach (D:3)
  A hobgoblin (D:2)
  7 jackals
  2 quokkas
  A ball python (D:1)
  A giant gecko skeleton (D:4)
  2 giant newts
  2 kobolds
  A rat (D:3)
29 creatures vanquished.

Vanquished Creatures (others)
  A kobold (D:3)
1 creature vanquished.

Grand Total: 30 creatures vanquished

Notes
Turn   | Place    | Note
--------------------------------------------------------------
     0 | D:1      | vishdafish the Troll Berserker began the quest for the Orb.
     0 | D:1      | Reached XP level 1. HP: 22/22 MP: 0/0
   314 | D:2      | Reached XP level 2. HP: 27/29 MP: 1/1
   357 | D:3      | Found a burning altar of Makhleb.
   357 | D:3      | Noticed Terence
   367 | D:3      | Killed Terence
   367 | D:3      | Reached XP level 3. HP: 13/36 MP: 2/2
   506 | D:3      | Noticed Ijyb
   530 | D:3      | Killed Ijyb
   530 | D:3      | Reached XP level 4. HP: 29/45 MP: 3/3
   769 | D:3      | Reached ** piety under Trog
  1079 | D:4      | Noticed vishdafish's ghost (amateur TrBe)
  1093 | D:4      | Mangled by vishdafish's ghost

Skill      XL: |  1  2  3 |
---------------+----------+-----
Dodging        | 3 |  3.9
Maces & Flails | 3 |  3.1
Fighting       | 3 |  3.2

Action                   |  1- 3 |  4- 6 || total
-------------------------+-------+-------++-------
Melee: Mace              |   114 |    53 ||   167
Invok: Trog's Hand       |       |     1 ||     1
  Use: Scroll            |       |     3 ||     3
  Eat: Chunk             |     4 |     3 ||     7
       Bread ration      |       |     1 ||     1
Armor: Animal skin       |   120 |    36 ||   156
Dodge: Dodged            |   108 |    48 ||   156
